 Dungeon Crawl Stone Soup version 0.20.1-1-g8b1a95d (webtiles) character file.

407 mythless the Skirmisher (level 6, 0/45 HPs)
             Began as a Barachi Chaos Knight on Nov 5, 2017.
             Was an Initiate of Gozag.
             Killed from afar by an orc wizard (5 damage)
             ... with a magic dart
             ... on level 4 of the Dungeon.
             The game lasted 00:18:10 (2110 turns).

mythless the Skirmisher (Barachi Chaos Knight)      Turns: 2110, Time: 00:18:13

Health: 0/45       AC:  6    Str: 16    XL:     6   Next: 88%
Magic:  6/6        EV:  7    Int: 12    God:    Gozag
Gold:   166        SH: 10    Dex: 11    Spells: 5/5 levels left

rFire    . . .     SeeInvis .   d - +3 spear
rCold    . . .     Gourm    .   x - +0 large shield
rNeg     . . .     Faith    .   b - +3 leather armour
rPois    .         Spirit   .   (no helmet)
rElec    .         Reflect  .   (no cloak)
rCorr    .         Harm     .   (no gloves)
MR       .....                  (no boots)
Stlth    +.........             (no amulet)
Regen    0.2/turn               (no ring)
MPRegen  0.1/turn               (no ring)

@: gold aura, slow
A: +LOS, swims, frail 1, slowness 1, strong legs 1
a: Hop, Potion Petition, Call Merchant, Bribe Branch, Renounce Religion


You were on level 4 of the Dungeon.
You worshipped Gozag.
Gozag was aware of your devotion.
You were not hungry.

You visited 1 branch of the dungeon, and saw 4 of its levels.

You collected 210 gold pieces.
You paid 44 gold pieces to Gozag.

Inventory:

Hand Weapons
 a - a +0 mace of chaos
 d - a +3 spear (weapon)
 q - a +2 antimagic long sword
Missiles
 e - 60 stones (quivered)
Armour
 b - a +3 leather armour (worn)
 f - a cursed +0 helmet
 u - a +0 leather armour
 x - a +0 large shield (worn)
Jewellery
 m - an uncursed amulet of guardian spirit {unknown}
Scrolls
 h - a scroll of enchant weapon {unknown}
Potions
 j - a potion of lignification
Comestibles
 c - 2 bread rations
 g - a fruit
 n - a meat ration


   Skills:
 + Level 5.2 Fighting
 + Level 4.3 Maces & Flails
 + Level 3.3 Polearms
 + Level 3.5 Armour
 + Level 3.2 Dodging
 + Level 1.2 Stealth


You had 5 spell levels left.
You didn't know any spells.

Dungeon Overview and Level Annotations

Branches:
Dungeon (4/15)
 Temple: D:4-7

Altars:
Elyvilon
Fedhas
Gozag
Nemelex Xobeh
Qazlal


Innate Abilities, Weirdness & Mutations

Shadows flee at your approach. (+LOS)
You can swim through water.
You cover ground slowly.
You can hop short distances.
You are frail. (-10% HP)


Message History

The orc wizard flickers and vanishes!
Deactivating autopickup; reactivate with Ctrl-A.
The orc hits you but does no damage.
You hit the orc.
The orc is severely wounded.
The orc hits you with a club.
* * * LOW HITPOINT WARNING * * *
You hit the orc.
You kill the orc!
Something hits you.
* * * LOW HITPOINT WARNING * * *
The orc hits you but does no damage.
You closely miss the orc.
The orc is severely wounded.
You hear some strange, mumbled words.
A magic dart appears from out of thin air!
The magic dart hits you!
You die... "I guess I need a new plaything now."
Your body crumbles into a pile of gold.

,,,,,,,,......,#....#<....#
,,,,,,,,.......#....#.....#
,,,,,,,,(......#....#.....#
,,,,,,,,.......$$...#.....#
**,,**+*########....##..#########
*****,,,...[.........#..###.#..#.
,,,,*,,,.............#...........
,,,,*,,,........$o...#...........
,,,,*,,,........@<...#...........
,,,,*,,,.............#......)....
*****,,,.............#########...
,,,,,,,,#+#######+#..........#...
,,,,,,,,+,,,,,+,,,*.........>#...
,,,,,,,,*,,,,,*,,,*..........#...
,,,,,,,,*,,,,,*,,,*,.........##'#
,,,,,,,,**,,,******,,............
*+*********+****,*,,,,.##+###....


You could see an orc.

Vanquished Creatures
  The ghost of simples the Chucker, an amateur OgHu (D:4)
  The ghost of mythless the Sneak, an amateur HuAs of Okawaru (D:3)
  An orc wizard (D:4)
  An orc priest (D:3)
  An adder (D:3)
  An ooze (D:4)
  An adder skeleton (D:4)
  5 orcs
  5 giant cockroaches
  3 goblins
  3 hobgoblins
  5 jackals
  A quokka (D:3)
  A ball python (D:1)
  8 bats
  3 frilled lizards
  5 kobolds (D:1)
  A quokka skeleton (D:3)
  4 rats
51 creatures vanquished.

Notes
Turn   | Place    | Note
-------+----------+-------------------------------------------
     0 | D:1      | mythless the Barachi Chaos Knight began the quest for the Orb.
     0 | D:1      | Reached XP level 1. HP: 18/18 MP: 1/1
     9 | D:1      | Noticed a minotaur zombie
    14 | D:1      | Noticed a merfolk zombie
    56 | D:1      | XOM: divination: detect items
   123 | D:1      | Reached XP level 2. HP: 15/25 MP: 2/2
   253 | D:1      | XOM: mild Fire miscast
   588 | D:1      | XOM: cloud trail
   600 | D:1      | Reached skill level 4 in Fighting
   847 | D:1      | Reached XP level 3. HP: 30/30 MP: 3/3
   983 | D:2      | You fall through a shaft for 2 floors!
   998 | D:4      | Noticed simples's ghost (amateur OgHu)
   999 | D:4      | XOM: potion effect (might)
  1058 | D:3      | Noticed mythless's ghost (amateur HuAs)
  1068 | D:3      | Killed mythless's ghost
  1068 | D:3      | Reached XP level 4. HP: 23/38 MP: 4/4
  1068 | D:3      | Reached XP level 5. HP: 27/43 MP: 5/5
  1131 | D:3      | Found a blossoming altar of Fedhas.
  1140 | D:3      | Found a white marble altar of Elyvilon.
  1149 | D:3      | Found a stormy altar of Qazlal.
  1166 | D:3      | Found an opulent altar of Gozag.
  1170 | D:3      | Fell from the grace of Xom
  1170 | D:3      | Became a worshipper of Gozag Ym Sagoz the Greedy
  1262 | D:3      | Found a white marble altar of Elyvilon.
  1527 | D:3      | Found a sparkling altar of Nemelex Xobeh.
  1664 | D:4      | HP: 1/43 [simples's ghost (4)]
  1693 | D:4      | Killed simples's ghost
  1693 | D:4      | Reached skill level 5 in Fighting
  1693 | D:4      | Reached skill level 1 in Stealth
  1693 | D:4      | Reached XP level 6. HP: 26/51 MP: 1/6
  1887 | D:4      | XOM: give mutation
  1887 | D:4      | Gained mutation: You are frail. (-10% HP) [Xom's mischief]
  1926 | D:4      | XOM: noise
  2110 | D:4      | Killed from afar by an orc wizard

Skill      XL: |  1  2  3  4  5 |
---------------+----------------+-----
Fighting       | 4 5 |  5.2
Maces & Flails | 4 |  4.3
Polearms       | 2 3 |  3.3
Armour         | 3 |  3.5
Dodging        | 2 3 |  3.2
Stealth        | 1 |  1.2

Action                   |  1- 3 |  4- 6 || total
-------------------------+-------+-------++-------
Melee: Mace              |    52 |       ||    52
       Spear             |    40 |   129 ||   169
Invok: Potion Petition   |       |     1 ||     1
  Use: Scroll            |     1 |     5 ||     6
       Potion            |       |     9 ||     9
 Stab: Invisible         |       |     3 ||     3
       Sleeping          |       |     1 ||     1
  Eat: Meat ration       |     1 |       ||     1
Armor: Leather armour    |    68 |    41 ||   109
       Skin              |       |    13 ||    13
Dodge: Dodged            |    94 |    72 ||   166
Block: Large shield      |       |    13 ||    13
